 Dungeon Crawl Stone Soup version 0.30-a0-883-g5ad918d77d (webtiles) character file.

Game seed: 1177346202329057372

412977 retardedninja the Impregnable (level 22, -1/194 HPs)
             Began as an Armataur Fighter on Mar 14, 2023.
             Was the Champion of Hepliaklqana.
             Shot with an arrow by a yaktaur captain (2 damage)
             ... on level 5 of the Vaults on Mar 16, 2023.
             The game lasted 01:43:25 (61049 turns).

retardedninja the Impregnable (Armataur Fighter)   Turns: 61049, Time: 01:43:32

Health: -1/194     AC: 48    Str: 36    XL:     22   Next: 50%
Magic:  29/29      EV:  3    Int: 15    God:    Hepliaklqana [******]
Gold:   1334       SH: 21    Dex:  9    Spells: 21/21 levels left

rFire   + + .      SeeInvis +    v - +8 war axe of Crawling {heavy, rElec rC++ Stlth-}
rCold   + + .      Faith    .    T - +1 tower shield {reflect}
rNeg    . . .      Spirit   .    r - +4 crystal plate armour
rPois   .          Reflect  +    w - +4 helmet of the Little Devil {Stlth+}
rElec   +          Roll     +    Z - +0 cloak of Resonance {rF+ Regen+}
rCorr   .                        k - +1 pair of gloves of the Lute {rElec Int+3}
Will    +....                    J - +1 barding Stlth
                                 G - amulet of Vitality {RegenMP++ Regen++}
HPRegen 2.92/turn                a - ring of Qofop {rF+ Slay+3 SInv}
MPRegen 1.01/turn                q - +6 ring of strength

@: marked
A: reduced essence, large, rugged brown scales 3, deformed body, armoured tail,
roll, long tongue, awkward tongue, low MP 1
}: 2/15 runes: decaying, serpentine
a: Renounce Religion, Recall Ancestor, Ancestor Identity, Transference, Idealise


You were on level 5 of the Vaults.
You worshipped Hepliaklqana.
Hepliaklqana was exalted by your worship.
You visited 8 branches of the dungeon, and saw 39 of its levels.
You visited the Abyss 2 times.
You also visited: Sewer and Bailey.

You collected 5873 gold pieces.
You spent 4539 gold pieces at shops.

Inventory:

Hand Weapons
 v - the +8 war axe of Crawling (weapon) {heavy, rElec rC++ Stlth-}
   (You found it on level 5 of the Dungeon)

   rC:        It greatly protects you from cold.
   rElec:     It insulates you from electricity.
   Stlth:     It makes you less stealthy.
Missiles
 V - 9 javelins (quivered)
 X - a throwing net
Armour
 k - the +1 pair of gloves of the Lute (worn) {rElec Int+3}
   (You found it on level 5 of the Vaults)

   Int:       It affects your intelligence (+3).
   rElec:     It insulates you from electricity.
 r - a +4 crystal plate armour (worn)
 w - the +4 helmet of the Little Devil (worn) {Stlth+}
   (You found it on level 1 of the Orcish Mines)

   Stlth:     It makes you more stealthy.
 J - a +1 barding (worn)
 T - a +1 tower shield of reflection (worn)
 Z - the +0 cloak of Resonance (worn) {rF+ Regen+}
   (You found it on level 3 of the Elven Halls)

   rF:        It protects you from fire.
   Regen:     It increases your rate of health regeneration.
Jewellery
 a - the ring of Qofop (left hand) {rF+ Slay+3 SInv}
   (You acquired it on level 10 of the Dungeon)

   [ring of see invisible]

   Slay:      It affects your accuracy & damage with ranged weapons and melee
   (+3).
   rF:        It protects you from fire.
   SInv:      It lets you see invisible.
 o - the Hermit's Pendant {Faith Invo=14 Evo=0 MP+5}
   (You found it on level 2 of the Dungeon)

   [amulet of faith]

   Invo=14: It sets your Invocations skill to 14.
   Evo=0: It sets your Evocations skill to 0.
   It allows you to gain divine favour quickly.
   MP:        It affects your magic capacity (+5).
 q - a +6 ring of strength (right hand)
 G - the amulet of Vitality (around neck) {RegenMP++ Regen++}
   (You bought it in a shop on level 3 of the Snake Pit)

   [amulet of magic regeneration]

   It increases your rate of magic regeneration.
   Regen:     It increases your rate of health regeneration.
Wands
 b - a wand of polymorph (39)
 d - a wand of flame (95)
 g - a wand of roots (41)
 z - a wand of digging (22)
 M - a wand of charming (23)
 N - a wand of mindburst (23)
 P - a wand of acid (6)
Scrolls
 c - 5 scrolls of blinking
 e - 8 scrolls of amnesia
 f - a scroll of vulnerability
 j - 7 scrolls of fear
 l - 20 scrolls of teleportation
 t - a scroll of poison
 y - 6 scrolls of fog
 O - 4 scrolls of magic mapping
 Q - 2 scrolls of torment
Potions
 h - 7 potions of curing
 i - 4 potions of brilliance
 m - 8 potions of haste
 n - 3 potions of ambrosia
 p - 3 potions of lignification
 s - a potion of attraction
 x - 7 potions of might
 A - 3 potions of invisibility
 B - 6 potions of mutation
 C - 3 potions of heal wounds
 I - 3 potions of resistance
 K - a potion of berserk rage
 L - 7 potions of flight
Miscellaneous
 u - a phial of floods
 F - a lightning rod (4/4)
 R - a condenser vane
 U - a phantom mirror (inert)
 Y - a box of beasts


   Skills:
 + Level 17.8 Fighting
 + Level 18.9 Axes
 + Level 9.2 Throwing
 + Level 22.4 Armour
 + Level 20.8 Shields
 - Level 14.1 Invocations


You had 21 spell levels left.
You didn't know any spells.
Your spell library contained the following spells:

 Spells                   Type           Power      Damage    Failure   Level
 Apportation              Tloc           0%         N/A       95%         1
 Freeze                   Ice            0%         1d3       95%         1
 Magic Dart               Conj           0%         1d3       95%         1
 Necrotise                Necr           0%         1d4       95%         1
 Sting                    Tmut/Pois      0%         1d3       95%         1
 Summon Small Mammal      Summ           0%         N/A       95%         1
 Blink                    Tloc           0%         N/A       98%         2
 Call Imp                 Summ           0%         N/A       98%         2
 Cigotuvi's Dreadful Rot  Necr/Pois/Air  0%         N/A       98%         2
 Lesser Beckoning         Tloc           0%         N/A       98%         2
 Poisonous Vapours        Pois/Air       0%         N/A       98%         2
 Searing Ray              Conj           0%         2d4       98%         2
 Static Discharge         Conj/Air       0%         2-2/arc   98%         2
 Sublimation of Blood     Necr           0%         N/A       98%         2
 Wereblood                Tmut           0%         N/A       98%         2
 Frozen Ramparts          Ice            0%         1d1       100%        3
 Gell's Gravitas          Tloc           0%         N/A       100%        3
 Hailstorm                Conj/Ice       0%         3d3       100%        3
 Ignite Poison            Fire/Tmut/Pois 0%         N/A       100%        3
 Inner Flame              Hex/Fire       0%         N/A       100%        3
 Kindle Blastsparks       Fire/Tloc/Air  0%         2d10      100%        3
 Mephitic Cloud           Conj/Pois/Air  0%         N/A       100%        3
 Ozocubu's Armour         Ice            0%         N/A       100%        3
 Spider Form              Tmut/Pois      0%         N/A       100%        3
 Stone Arrow              Conj/Erth      0%         3d7       100%        3
 Summon Guardian Golem    Hex/Summ       0%         N/A       100%        3
 Teleport Other           Tloc           0%         N/A       100%        3
 Tukima's Dance           Hex            0%         N/A       100%        3
 Vampiric Draining        Necr           0%         2d6       100%        3
 Vhi's Electric Charge    Tloc/Air       0%         N/A       100%        3
 Airstrike                Air            0%         2d(0-16)  100%        4
 Anguish                  Hex/Necr       0%         N/A       100%        4
 Animate Armour           Summ/Erth      0%         N/A       100%        4
 Fulminant Prism          Conj/Hex       0%         3d5       100%        4
 Ice Form                 Ice/Tmut       0%         N/A       100%        4
 Leda's Liquefaction      Hex/Erth       0%         N/A       100%        4
 Manifold Assault         Tloc           0%         N/A       100%        4
 Olgreb's Toxic Radiance  Pois           0%         N/A       100%        4
 Passage of Golubria      Tloc           0%         N/A       100%        4
 Petrify                  Tmut/Erth      0%         N/A       100%        4
 Sticky Flame             Conj/Fire      0%         2d3       100%        4
 Summon Ice Beast         Ice/Summ       0%         N/A       100%        4
 Summon Lightning Spire   Summ/Air       0%         N/A       100%        4
 Agony                    Necr           0%         N/A       100%        5
 Alistair's Intoxication  Tmut/Pois      0%         N/A       100%        5
 Arcjolt                  Conj/Air       0%         1d10      100%        5
 Blade Hands              Tmut           0%         N/A       100%        5
 Borgnjor's Vile Clutch   Necr/Erth      0%         N/A       100%        5
 Fireball                 Conj/Fire      0%         3d3       100%        5
 Freezing Cloud           Conj/Ice/Air   0%         6-21      100%        5
 Irradiate                Conj/Tmut      0%         3d11      100%        5
 Lightning Bolt           Conj/Air       0%         1d11      100%        5
 Metabolic Englaciation   Hex/Ice        0%         N/A       100%        5
 Summon Mana Viper        Hex/Summ       0%         N/A       100%        5
 Yara's Violent Unravell  Hex/Tmut       0%         3d3       100%        5
 Eringya's Noxious Bog    Tmut/Pois      0%         N/A       100%        6
 Iron Shot                Conj/Erth      0%         9d1       100%        6
 Simulacrum               Ice/Necr       0%         N/A       100%        6
 Starburst                Conj/Fire      0%         6d3       100%        6
 Statue Form              Tmut/Erth      0%         N/A       100%        6
 Dragon Form              Tmut           0%         N/A       100%        7
 Enfeeble                 Hex            0%         N/A       100%        7
 Ozocubu's Refrigeration  Ice            0%         4d7       100%        7
 Storm Form               Tmut/Air       0%         N/A       100%        7
 Summon Hydra             Summ           0%         N/A       100%        7
 Discord                  Hex            0%         N/A       100%        8
 Disjunction              Tloc           0%         N/A       100%        8
 Ignition                 Fire           0%         3d3       100%        8
 Lehudib's Crystal Spear  Conj/Erth      0%         10d2      100%        8
 Maxwell's Capacitive Co  Air            0%         ∞         100%        8
 Death's Door             Necr           0%         N/A       100%        9


Dungeon Overview and Level Annotations

Branches:
Dungeon (15/15)            Temple (1/1) D:5            Lair (5/5) D:8
  Swamp (4/4) Lair:2        Snake (4/4) Lair:2          Orc (2/2) D:10
    Elf (3/3) Orc:2        Vaults (5/5) D:13          Crypt (0/3) Vaults:2
 Depths (0/4) D:15          Sewer (visited)          Bailey (visited)
  Slime: Lair:4-5

Altars:
Ashenzari
Cheibriados
Dithmenos
Elyvilon
Fedhas
Gozag
Hepliaklqana
Kikubaaqudgha
Makhleb
Nemelex Xobeh
Okawaru
Qazlal
Ru
Sif Muna
Trog
Uskayaw
Vehumet
Wu Jian
Xom
Yredelemnul
Zin
The Shining One

Shops:
Orc:2 !(*!   Elf:3 :=:   Snake:1 :((!   Snake:3 *(=?   Vaults:1 *   Vaults:3 [
Vaults:4 [

Annotations:
D:7 2 transporters, sirJeffrey23's ghost, novice DrEE
D:15 3 runed translucent doors, Siaveam's ghost, adept DrFE; Tunif's ghost, adept DEFE; Yvvazola's ghost, journeyman GrWn
Lair:5 exclusion: 3 oklob plants
Swamp:1 1 runed translucent door, patfeehan111222's ghost, adept MiBe
Swamp:2 2 transporters, epsilonplus's ghost, adept BaHu
Elf:2 Roxanne


Innate Abilities, Weirdness & Mutations

Your life essence is reduced to manifest your ancestor. (-10% HP)
You are completely covered in rugged brown scales. (AC +3, +7% HP)
Armour fits poorly on your strangely shaped body.
You have a long armoured tail.
You roll when moving toward enemies. (Rampage)
Your long tongue fully drains potion bottles. (2x potion effects)
Your tongue gives you trouble enunciating. (1.5x scroll delay)
Your magical capacity is low. (-10% MP)


Message History

The ironbound preserver is empowered by the deep elf high priest's aura!
A yaktaur captain comes into view. It is wielding a +0 morningstar.
The deep elf demonologist gestures wildly while chanting.
The ironbound preserver gestures wildly while chanting.
The ironbound preserver is healed somewhat.
A yaktaur comes into view.
Autistic kid points at the Ice Fiend and mumbles some strange words.
The bolt of magma hits the Ice Fiend but does no damage.
The bolt of magma hits the hellwing!!
Unknown command.
As you slowly read the scroll of teleportation, it crumbles to dust.
You feel strangely stable.
Autistic kid casts a spell at the Ice Fiend.
The stone arrow hits the Ice Fiend!!!
The Ice Fiend claws autistic kid!
The Ice Fiend freezes autistic kid!
Autistic kid resists.
Autistic kid is destroyed!
The deep elf high priest calls down the wrath of its god upon you.
Something smites you!
* * * LOW HITPOINT WARNING * * *
Your ancient lich barely misses the ancient lich.
The yaktaur captain unwields a +0 morningstar.
The yaktaur captain wields a +0 arbalest.
The yaktaur captain shoots a bolt.
The bolt hits you!
* * * LOW HITPOINT WARNING * * *
A yaktaur captain comes into view.
It is wielding a +3 shortbow of flaming.
An ogre mage comes into view. It is wielding a +0 spear.
You block the neqoxec's attack.
The hellwing swoops through the air toward you!
The hellwing hits you but does no damage. x2
The Ice Fiend calls on the powers of darkness!
The ironbound preserver convulses!
Your body is wracked with pain!
* * * LOW HITPOINT WARNING * * *
The ogre mage convulses!
The deep elf high priest convulses!
The ogre mage casts a spell.
The ogre mage flickers and vanishes for a moment.
The yaktaur captain shoots an arrow.
The arrow hits you!!
* * * LOW HITPOINT WARNING * * *
The arrow burns you.
You die...

... ..cc# ... #c..# ##
## #...# #..##. #...#
#.....
#...#....#..#..##.
..##+##...#....#..##..##
....1.3...#....##..#....
O....pe@4.#....##..##...
e.##1##L..#....##...##..
#...#....# #...###
#L).#....###......
..#####...#....##.......
..........#....#...##...
......(.......e...######
#########........#######
...................


You could see a Hell Sentinel (summoned), an ironbound preserver (empowered), an
ancient lich (ally target), an Ice Fiend (summoned), 2 yaktaur captains, an ogre
mage (empowered, invisible), a deep elf demonologist (empowered), a deep elf
high priest (brilliance aura), a hellwing (summoned), a yaktaur, a neqoxec
(summoned) and a friendly ancient lich (summoned, drained).

Vanquished Creatures
  A profane servitor (Abyss:4)
  A bone dragon (Abyss:3)
  2 tentacled monstrosities
  A titan (Vaults:5)
  A deep elf blademaster (Elf:3)
  2 deep elf master archers (Elf:3)
  A sphinx (Vaults:2)
  An Executioner (Abyss:4)
  2 tentacled starspawn (Abyss:4)
  Kirke (Lair:3)
  Gastronok (Lair:2)
  A shadow dragon (Vaults:4)
  A tengu reaver (Vaults:4)
  A thorn hunter (Swamp:4)
  Donald (Swamp:4)
  12 nagarajas (Snake:4)
  A fenstrider witch (Swamp:4)
  3 deep elf sorcerers
  An iron dragon (Vaults:5)
  An orc warlord (Vaults:2)
  A frost giant (Vaults:4)
  12 vault wardens
  2 ghouls (Swamp:3)
  4 very ugly things
  A war gargoyle (Vaults:2)
  2 stone giants (Vaults:5)
  14 ironbound preservers
  5 ironbound thunderhulks
  5 eleionomae
  3 deep elf demonologists (Elf:3)
  8 deep elf annihilators
  3 bunyips
  6 dire elephants
  The ghost of patfeehan111222 the Cleaver, a journeyman DrBe of Trog (Orc:1)
  5 deep elf death magi
  A lorocyproca (Abyss:4)
  2 fire dragons (Lair:5)
  2 ettins (Vaults:5)
  An entropy weaver (Vaults:3)
  Josephine (D:13)
  3 great orbs of eyes
  2 deep elf high priests
  9 yaktaur captains
  A shambling mangrove (Abyss:4)
  Erolcha (Orc:1)
  A salamander tyrant (Snake:4)
  2 peacekeepers
  31 vault guards
  Harold (D:9)
  5 ghost crabs
  7 ironbound frosthearts
  5 anacondas
  4 ogre magi
  17 centaur warriors
  12 hydras
  12 two-headed ogres
  An anaconda (shapeshifter) (Vaults:5)
  23 dancing weapons
  11 death yaks
  A boulder beetle (D:13)
  4 alligators
  7 naga warriors
  A deep troll earth mage (Vaults:5)
  2 thrashing horrors (Abyss:4)
  2 tengu warriors
  Urug (Orc:1)
  14 naga sharpshooters
  A shock serpent (Snake:3)
  9 deep elf knights
  A wretched star (Abyss:4)
  Nergalle (D:10)
  A sun demon (Abyss:3)
  3 salamander mystics
  3 spriggans
  37 deep trolls
  4 goliath frogs
  3 skeletal warriors (D:14)
  9 swamp dragons
  4 spriggan druids
  6 bog bodies (Swamp:3)
  A naga ritualist (Snake:2)
  4 wizards
  5 deep elf archers
  2 spectral hydras (Lair:2)
  A glowing orange brain (Vaults:3)
  14 ironbound convokers
  2 starcursed masses (Abyss:4)
  A phantasmal warrior (Vaults:5)
  16 deep elf pyromancers
  2 necromancers
  8 lindwurms
  4 mana vipers
  7 orc knights
  14 deep elf zephyrmancers
  A shining eye (shapeshifter) (Vaults:2)
  2 will-o-the-wisps (Swamp:3)
  An orc sorcerer (Abyss:4)
  2 human zombies (Vaults:4)
  9 ugly things
  3 cyclopes
  13 salamanders
  2 manticores
  15 naga magi
  3 elephants (Lair:5)
  22 slime creatures
  A centaur zombie (D:15)
  3 smoke demons
  10 vault sentinels
  A naga zombie (Abyss:4)
  A guardian serpent (shapeshifter) (D:15)
  18 black mambas
  An eye of devastation (shapeshifter) (Vaults:5)
  A black mamba (shapeshifter) (D:14)
  4 torpor snails
  4 guardian serpents
  An orange demon (Abyss:4)
  A molten gargoyle (Lair:4)
  A dire elephant skeleton (Abyss:2)
  11 cane toads
  2 gargoyles
  An unseen horror (D:11)
  8 komodo dragons
  A centaur skeleton (D:15)
  32 yaktaurs
  2 kobold demonologists
  4 rime drakes
  An ancient zyme (Abyss:3)
  4 freezing wraiths
  A tengu conjurer (D:15)
  An efreet (D:14)
  A battlemage (Vaults:5)
  14 tyrant leeches
  A hornet (shapeshifter) (Elf:2)
  12 hornets
  4 polar bears
  A meliai (D:14)
  A meliai (shapeshifter) (D:13)
  8 trolls
  6 large abominations
  A stone giant simulacrum (Vaults:4)
  11 blink frogs
  18 dream sheep
  A centaur simulacrum (D:15)
  5 raiju
  A spectral elephant (Lair:2)
  6 flying skulls (Abyss:4)
  2 shadows
  A water elemental (Elf:3)
  2 air elementals (Elf:1)
  3 vampires
  A ynoxinul (Abyss:3)
  50 yaks
  8 wraiths
  3 wyverns
  2 fire elementals
  2 steam dragons (Lair:5)
  6 hogs (Lair:3)
  A basilisk (Lair:5)
  9 vampire mosquitoes
  A neqoxec (Abyss:4)
  A redback (Vaults:3)
  A warg (Vaults:5)
  10 swamp worms
  28 nagas
  15 water moccasins
  3 small abominations
  An acid dragon (Lair:5)
  A hell hound (Snake:2)
  2 spectral yaks (Lair:2)
  A hornet zombie (D:9)
  6 swamp drakes
  2 black bears
  A sky beast (D:8)
  2 ice beasts
  26 orc warriors
  20 ogres
  A spectral rime drake (Lair:2)
  15 wolves
  4 boggarts
  4 centaurs
  A phantom (D:7)
  A necrophage (Swamp:3)
  4 bullfrogs
  2 earth elementals (Elf:1)
  A scorpion (D:4)
  A gnoll sergeant (D:10)
  10 wights
  3 killer bees (D:10)
  7 howler monkeys
  2 lava snakes (Lair:4)
  A hound (D:6)
  14 orc priests
  A gnoll bouda (D:10)
  5 jellies
  8 iguanas
  An iron imp (Abyss:3)
  2 sleepcaps (D:6)
  13 orc wizards
  A killer bee zombie (D:9)
  Robin (D:2)
  12 gnolls
  7 adders
  A river rat (Sewer)
  A shadow imp (D:6)
  A white imp (Abyss:3)
  An ufetubus (D:5)
  4 worms
  4 dart slugs
  81 orcs
  14 ball pythons
  3 bats
  14 endoplasms
  4 giant cockroaches
  18 goblins
  11 hobgoblins
  4 jackals
  2 quokkas (D:3)
  6 frilled lizards
  9 kobolds
  8 rats
  A butterfly (Lair:1)
  2 starspawn tentacles (Abyss:4)
1259 creatures vanquished.

Vanquished Creatures (collateral kills)
  Rupert (Lair:5)
  A tentacled monstrosity (Snake:2)
  The ghost of Rinoumap the Peltast, an adept TrCK of Ru (Vaults:3)
  A deep elf blademaster (Elf:3)
  2 titans (Vaults:5)
  An ancient champion (Vaults:2)
  2 sphinxes (Vaults:4)
  A thorn hunter (Snake:2)
  2 tengu reavers (Vaults:5)
  A fenstrider witch (Swamp:2)
  5 nagarajas (Snake:4)
  A fire giant (Vaults:5)
  4 deep elf sorcerers (Elf:3)
  A frost giant (Vaults:5)
  4 vault wardens
  A very ugly thing (Vaults:4)
  6 ironbound preservers
  A deep elf elementalist (Elf:3)
  An orc warlord (Vaults:2)
  A stone giant (Vaults:5)
  2 ironbound thunderhulks
  6 deep elf demonologists
  2 bunyips
  A dire elephant (Vaults:4)
  A wizard (Abyss:4)
  Snorg (Lair:5)
  2 deep elf annihilators
  2 deep elf death magi (Elf:3)
  4 deep elf high priests
  A jiangshi (Vaults:2)
  4 yaktaur captains
  The ghost of ragingrage the Cruncher, a journeyman DsRe of Nemelex Xobeh (Lair:3)
  2 great orbs of eyes
  2 salamander tyrants
  4 vault guards
  12 hydras
  A catoblepas (Lair:5)
  A ghost crab (Swamp:3)
  2 ironbound frosthearts
  6 centaur warriors
  A death knight (D:15)
  An alligator (Swamp:4)
  2 boulder beetles
  6 two-headed ogres
  A death yak (Lair:5)
  12 dancing weapons
  An anaconda (Snake:4)
  3 naga warriors
  A vampire mage (Vaults:2)
  A shock serpent (Snake:3)
  5 naga sharpshooters
  A thrashing horror (Abyss:4)
  2 deep elf knights
  2 skeletal warriors (D:14)
  A salamander mystic (Snake:1)
  A spatial maelstrom (Abyss:4)
  5 swamp dragons
  11 deep trolls
  6 deep elf archers
  2 lindwurms (Vaults:1)
  An ironbound convoker (Vaults:1)
  13 deep elf pyromancers
  6 deep elf zephyrmancers
  An orc knight (Vaults:2)
  2 ugly things
  3 salamanders
  An orc sorcerer (Orc:2)
  A cyclops (Orc:2)
  8 black mambas
  6 naga magi
  2 guardian serpents
  A molten gargoyle (Lair:4)
  7 vault sentinels
  An orange demon (Abyss:2)
  A cane toad (Lair:2)
  2 smoke demons
  2 torpor snails (Lair:5)
  An unseen horror (D:11)
  An unseen horror (shapeshifter) (Elf:3)
  9 yaktaurs
  A komodo dragon (Lair:4)
  2 meliai (D:14)
  5 trolls
  5 hornets
  3 tyrant leeches
  2 polar bears
  5 blink frogs
  A dream sheep (Lair:4)
  A deep troll zombie (Vaults:4)
  12 slime creatures
  2 spriggans
  A wraith (D:13)
  A vampire (Abyss:4)
  14 yaks
  3 basilisks
  A fire elemental (Elf:1)
  3 vampire mosquitoes
  A chaos spawn (Abyss:3)
  8 swamp worms
  10 nagas
  An acid dragon (Lair:5)
  5 water moccasins
  A glowing shapeshifter zombie (Vaults:4)
  A spectral yak (Lair:2)
  6 swamp drakes
  6 orc warriors
  5 ogres
  A wolf (Lair:5)
  3 boggarts
  A centaur (D:15)
  A kobold brigand (D:8)
  A bullfrog (D:8)
  An earth elemental (Elf:3)
  A gnoll sergeant (D:9)
  2 wights (D:7)
  A killer bee (D:10)
  A howler monkey (D:9)
  2 electric eels (Snake:2)
  3 lava snakes (Lair:4)
  2 orc priests
  3 iguanas (Lair:5)
  4 orc wizards
  2 gnolls
  An ufetubus (Abyss:4)
  14 orcs
  A kobold (D:8)
  4 butterflies
384 creatures vanquished.

Vanquished Creatures (others)
  An eleionoma (Swamp:3)
  A hydra (Swamp:4)
  An alligator (Snake:2)
  An orc wizard (D:6)
  42 battlemagi
  An ancestor (D:7)
  6 foxfires (Swamp:3)
  21 fungi
  107 plants
  4 starspawn tentacles (Abyss:4)
  18 withered plants (Swamp:3)
203 creatures vanquished.

Grand Total: 1846 creatures vanquished

Notes
Turn   | Place    | Note
-------+----------+-------------------------------------------
     0 | D:1      | retardedninja the Armataur Fighter began the quest for the
                  | Orb.
     0 | D:1      | Reached XP level 1. HP: 19/19 MP: 1/1
   164 | D:1      | Reached XP level 2. HP: 26/26 MP: 2/2
   484 | D:1      | Found a faded altar of an unknown god.
   559 | D:1      | Reached skill level 4 in Armour
   980 | D:2      | Reached XP level 3. HP: 33/33 MP: 3/3
  1255 | D:2      | Noticed Robin
  1262 | D:2      | Killed Robin
  1355 | D:2      | Found the Hermit's Pendant {Faith Invo=14 Evo=0 MP+5}
  1851 | D:3      | Reached XP level 4. HP: 39/40 MP: 4/4
  2031 | D:3      | You fall into a shaft and drop 2 floors!
  2031 | D:5      | Entered Level 5 of the Dungeon
  2130 | D:5      | Noticed a black bear
  2141 | D:5      | Killed a black bear
  2142 | D:5      | Reached XP level 5. HP: 22/48 MP: 5/5
  2310 | D:5      | Reached skill level 5 in Armour
  2316 | D:5      | Identified the +8 war axe of Crawling {heavy, rElec rC++
                  | Stlth-}
  2451 | D:5      | Found a glowing drain.
  2470 | Sewer    | Entered a sewer
  2486 | Sewer    | Reached XP level 6. HP: 55/55 MP: 6/6
  2595 | Sewer    | Found a viscous altar of Jiyva.
  2639 | Sewer    | Reached skill level 5 in Shields
  2721 | D:5      | Found a staircase to the Ecumenical Temple.
  2822 | D:4      | Reached XP level 7. HP: 63/63 MP: 7/7
  3559 | D:4      | Found a bloodstained altar of Trog.
  3696 | D:4      | Reached skill level 6 in Armour
  3762 | D:4      | Found a shimmering blue altar of Sif Muna.
  4376 | Temple   | Entered the Ecumenical Temple
  4527 | Temple   | Became a worshipper of Hepliaklqana the Forgotten
  4574 | D:6      | Found an ancient bone altar of Kikubaaqudgha.
  4613 | D:6      | Reached skill level 5 in Fighting
  4617 | D:6      | Reached XP level 8. HP: 37/72 MP: 8/8
  4891 | D:6      | Found a sparkling altar of Nemelex Xobeh.
  4893 | D:6      | Found a hide-covered altar of Uskayaw.
  5133 | D:6      | Reached skill level 7 in Armour
  5583 | D:7      | Reached * piety under Hepliaklqana
  5654 | D:7      | Reached skill level 5 in Axes
  5669 | D:7      | Found a flagged portal.
  5723 | Bailey   | Entered a bailey
  6008 | Bailey   | Reached XP level 9. HP: 68/72 MP: 9/9
  6016 | Bailey   | Reached skill level 8 in Armour
  6881 | D:7      | Found a transporter.
  6882 | D:7      | Found a transporter.
  6882 | D:7      | Identified the +2 dire flail "Sarcophage" {freeze, rPois
                  | rN+}
  6882 | D:7      | Noticed sirJeffrey23's ghost (novice DrEE)
  6969 | D:7      | Reached skill level 9 in Armour
  7195 | D:7      | Reached ** piety under Hepliaklqana
  7232 | D:7      | Remembered your ancestor autistic kid as a battlemage
  7296 | D:8      | Noticed a death yak
  7297 | D:8      | Noticed a death yak
  7298 | D:8      | Found a staircase to the Lair.
  7299 | D:8      | Noticed a death yak
  7350 | D:7      | Killed a death yak
  7351 | D:7      | Reached XP level 10. HP: 54/83 MP: 10/10
  7355 | D:7      | Killed a death yak
  7702 | D:8      | Killed a death yak
  7703 | D:8      | Reached skill level 10 in Armour
  7854 | D:8      | Found a glowing silver altar of Zin.
  8326 | D:8      | Reached XP level 11. HP: 91/91 MP: 11/11
  8326 | D:8      | Reached XP level 12. HP: 97/97 MP: 12/12
  8350 | D:9      | Found a broken altar of Ashenzari.
  8490 | D:9      | Noticed a two-headed ogre
  8492 | D:9      | Reached *** piety under Hepliaklqana
  8494 | D:9      | Killed a two-headed ogre
  8554 | D:9      | Noticed Harold
  8560 | D:9      | Killed Harold
  9257 | D:9      | Found a basalt altar of Yredelemnul.
  9370 | D:10     | Entered Level 10 of the Dungeon
  9390 | D:10     | Noticed Nergalle
  9398 | D:10     | Killed Nergalle
  9399 | D:10     | Reached skill level 10 in Shields
  9444 | D:10     | Found a sacrificial altar of Ru.
  9576 | D:10     | Noticed a two-headed ogre
  9580 | D:10     | Killed a two-headed ogre
  9581 | D:10     | Reached skill level 11 in Armour
  9582 | D:10     | Reached **** piety under Hepliaklqana
  9624 | D:10     | Found a staircase to the Orcish Mines.
  9642 | D:10     | Reached XP level 13. HP: 13/104 MP: 13/13
 10544 | D:10     | Found a shimmering altar of Xom.
 10833 | D:10     | Identified a scroll of acquirement
 10833 | D:10     | Acquired the ring of Qofop {rF+ Slay+3 SInv}
 10950 | Lair:1   | Entered Level 1 of the Lair of Beasts
 11310 | Lair:1   | Identified the +5 plate armour of the Eight Boll Weevils
                  | {Str+2}
 11519 | Lair:1   | Got Veafamusaog's Anthology of Star-crossed Putridity
 12187 | Lair:2   | Found a glowing golden altar of the Shining One.
 12321 | Lair:2   | Noticed Gastronok
 12326 | Lair:2   | Reached skill level 12 in Armour
 12338 | Lair:2   | Killed Gastronok
 12626 | Lair:2   | Found a staircase to the Snake Pit.
 12774 | Lair:2   | Reached ***** piety under Hepliaklqana
 12801 | Lair:2   | Found a staircase to the Swamp.
 13527 | Lair:3   | Noticed Kirke
 13548 | Lair:3   | Killed Kirke
 13549 | Lair:3   | Reached skill level 10 in Fighting
 13992 | Lair:3   | Found a runed translucent gate.
 13992 | Lair:3   | Found a runed translucent gate.
 13992 | Lair:3   | Found a runed translucent gate.
 13993 | Lair:3   | Noticed ragingrage's ghost (journeyman DsRe)
 14367 | Lair:3   | Killed ragingrage's ghost
 14368 | Lair:3   | Reached skill level 13 in Armour
 14810 | Lair:4   | Reached XP level 14. HP: 116/117 MP: 14/14
 14854 | Lair:4   | Identified the +1 robe "Ogoit" {Harm}
 15599 | Lair:5   | Entered Level 5 of the Lair of Beasts
 15820 | Lair:5   | Noticed Rupert
 15827 | Lair:5   | Killed Rupert
 15938 | Lair:5   | Reached skill level 14 in Armour
 16751 | Lair:5   | Noticed Snorg
 16760 | Lair:5   | Killed Snorg
 17191 | Lair:5   | Found a runed translucent door.
 17247 | Lair:5   | Reached XP level 15. HP: 76/126 MP: 15/15
 18965 | Lair:5   | Reached skill level 15 in Armour
 19313 | Orc:1    | Entered Level 1 of the Orcish Mines
 19313 | Orc:1    | Noticed Erolcha
 19318 | Orc:1    | Killed Erolcha
 19363 | Orc:1    | Noticed Urug
 19370 | Orc:1    | Killed Urug
 19778 | Orc:2    | Entered Level 2 of the Orcish Mines
 19778 | Orc:2    | Found a staircase to the Elven Halls.
 20598 | Orc:1    | Upgraded the game from 0.30-a0-881-g1ff12e1e11 to
                  | 0.30-a0-883-g5ad918d77d
 21657 | Orc:1    | Found a large runed translucent door.
 21657 | Orc:1    | Found a large runed translucent door.
 21659 | Orc:1    | Noticed patfeehan111222's ghost (journeyman DrBe)
 21703 | Orc:1    | Killed patfeehan111222's ghost
 21708 | Orc:1    | Identified the +4 helmet of the Little Devil {Stlth+}
 21982 | Orc:2    | Found Seseoxke's Distillery.
 21984 | Orc:2    | Found Qeangaeq's Assorted Antiques.
 21987 | Orc:2    | Found Haukoosaa's Distillery.
 21989 | Orc:2    | Bought a scroll of enchant armour for 247 gold pieces
 21999 | Orc:2    | Found Cinlasot's Antique Weapon Shop.
 22024 | Orc:2    | Bought a potion of curing for 39 gold pieces
 22024 | Orc:2    | Bought a potion of mutation for 104 gold pieces
 22024 | Orc:2    | Bought 2 potions of heal wounds for 130 gold pieces
 22024 | Orc:2    | Bought a potion of curing for 39 gold pieces
 22039 | Orc:2    | Bought a potion of mutation for 128 gold pieces
 22039 | Orc:2    | Bought a potion of heal wounds for 80 gold pieces
 22039 | Orc:2    | Bought a potion of haste for 160 gold pieces
 22346 | Orc:2    | Bought a potion of might for 64 gold pieces
 22346 | Orc:2    | Bought 3 potions of curing for 144 gold pieces
 22346 | Orc:2    | Bought a potion of resistance for 160 gold pieces
 22354 | Orc:2    | Bought a potion of berserk rage for 165 gold pieces
 22354 | Orc:2    | Bought a potion of curing for 99 gold pieces
 22363 | Orc:2    | Bought a potion of curing for 39 gold pieces
 22603 | D:11     | Reached ****** piety under Hepliaklqana
 23896 | D:13     | Noticed Josephine
 23902 | D:13     | Killed Josephine
 24095 | D:13     | Paralysed by an ogre mage for 4 turns
 24480 | D:13     | Reached skill level 15 in Axes
 24480 | D:13     | Reached skill level 16 in Armour
 24782 | D:13     | Found a gate to the Vaults.
 25238 | D:14     | Reached XP level 16. HP: 136/136 MP: 16/16
 25425 | D:14     | Reached skill level 15 in Shields
 25735 | D:14     | Found an iron altar of Okawaru.
 26162 | D:15     | Entered Level 15 of the Dungeon
 26184 | D:15     | Found a runed translucent gate.
 26184 | D:15     | Found a runed translucent gate.
 26184 | D:15     | Found a runed translucent gate.
 26769 | D:15     | Found an ornate altar of the Wu Jian Council.
 26991 | D:15     | Noticed a lich
 26991 | D:15     | Noticed Tunif's ghost (adept DEFE)
 26992 | D:15     | Found an ancient bone altar of Kikubaaqudgha.
 26992 | D:15     | Noticed Yvvazola's ghost (journeyman GrWn)
 26993 | D:15     | Noticed a lich
 26993 | D:15     | Noticed Siaveam's ghost (adept DrFE)
 27411 | D:15     | Found a staircase to the Depths.
 28157 | Swamp:1  | Entered Level 1 of the Swamp
 28282 | Swamp:1  | Found a runed translucent door.
 28287 | Swamp:1  | Noticed patfeehan111222's ghost (adept MiBe)
 28597 | Swamp:1  | Identified the +1 arbalest of the Shouting Traitor {drain,
                  | rElec rF+}
 29362 | Swamp:2  | Found a transporter.
 29364 | Swamp:2  | Noticed epsilonplus's ghost (adept BaHu)
 29611 | Swamp:2  | Found a transporter.
 29920 | Swamp:2  | Reached skill level 17 in Armour
 29995 | Swamp:2  | Identified the +6 scimitar "Ori Emerr" {speed, rCorr}
 30559 | Swamp:3  | Identified the +1 leather armour of the Stallion {rPois
                  | rF++ rC- MP+9}
 31320 | Swamp:3  | Reached XP level 17. HP: 146/146 MP: 17/17
 31566 | Swamp:4  | Entered Level 4 of the Swamp
 31573 | Swamp:4  | Paralysed by a fenstrider witch for 4 turns
 31843 | Swamp:4  | Noticed a tentacled monstrosity
 31861 | Swamp:4  | Killed a tentacled monstrosity
 33244 | Swamp:4  | Identified the -1 kite shield "Jocut" {Harm}
 33244 | Swamp:4  | Noticed Donald
 33621 | Swamp:4  | Killed Donald
 34502 | Swamp:4  | Reached skill level 18 in Armour
 34823 | Swamp:4  | Got a decaying rune of Zot
 35350 | Snake:1  | Entered Level 1 of the Snake Pit
 35413 | Snake:1  | Found Otwic's Vocational Training.
 35466 | Snake:1  | Bought a manual of Invocations for 1120 gold pieces
 35669 | Snake:1  | Reached skill level 1 in Invocations
 35679 | Abyss:2  | Cast into level 2 of the Abyss (salamander)
 35793 | Abyss:3  | Found a corrupted altar of Lugonu.
 35898 | Abyss:3  | Noticed a bone dragon
 35907 | Abyss:3  | Killed a bone dragon
 36005 | Abyss:3  | Found a corrupted altar of Lugonu.
 36150 | Snake:1  | Escaped the Abyss
 36883 | Snake:1  | Found Boadeede's Weapon Boutique.
 36886 | Snake:1  | Found Nale's Antique Weapon Shop.
 36888 | Snake:1  | Found Moceubih's Distillery.
 36896 | Snake:1  | Bought a potion of mutation for 136 gold pieces
 36896 | Snake:1  | Bought a potion of heal wounds for 85 gold pieces
 37667 | Snake:2  | Reached skill level 5 in Invocations
 37703 | Snake:2  | Noticed a tentacled monstrosity
 37715 | Snake:2  | Noticed a tentacled monstrosity
 38214 | Snake:2  | Killed a tentacled monstrosity
 38248 | Snake:2  | Reached XP level 18. HP: 58/156 MP: 22/22
 39605 | Snake:2  | Killed a tentacled monstrosity
 40610 | Snake:3  | Reached skill level 19 in Armour
 40659 | Snake:3  | Found Atrovop's Jewellery Emporium.
 40659 | Snake:3  | Found Uda Xun's Magic Scroll Shop.
 40665 | Snake:3  | Found Yquxkops's Weapon Emporium.
 40677 | Snake:3  | Found Naydd's Assorted Antiques.
 40869 | Snake:4  | Entered Level 4 of the Snake Pit
 40932 | Snake:4  | Reached skill level 15 in Fighting
 41325 | Snake:3  | Acquired a +2 crystal plate armour
 45128 | Snake:4  | Got a serpentine rune of Zot
 45456 | Vaults:1 | Entered Level 1 of the Vaults
 45456 | Vaults:1 | Found Xiet's Assorted Antiques.
 46000 | Vaults:1 | Reached XP level 19. HP: 128/164 MP: 26/26
 46101 | Vaults:1 | Reached skill level 10 in Invocations
 46120 | Vaults:1 | Paralysed by a great orb of eyes for 2 turns
 47465 | Vaults:1 | Reached skill level 1 in Throwing
 47902 | Vaults:2 | Gained mutation: Your magical capacity is low. (-10% MP) [a
                  | shining eye]
 48040 | Vaults:2 | Reached skill level 20 in Armour
 48578 | Vaults:2 | Acquired 974 gold pieces
 49774 | Vaults:2 | Found a staircase to the Crypt.
 50134 | Vaults:2 | Reached XP level 20. HP: 174/174 MP: 26/26
 51057 | Vaults:3 | Found a runed translucent door.
 51059 | Vaults:3 | Noticed Rinoumap's ghost (adept TrCK)
 51070 | Vaults:3 | Found Wexear's Armour Boutique.
 51095 | Vaults:3 | Reached skill level 5 in Throwing
 52262 | Vaults:3 | Killed Rinoumap's ghost
 52361 | Vaults:4 | Paralysed by a sphinx for 2 turns
 52740 | Vaults:4 | Reached skill level 21 in Armour
 53926 | Vaults:4 | Found Xaosk's Antique Armour Boutique.
 54776 | Snake:3  | Bought the amulet of Vitality {RegenMP++ Regen++} for 1600
                  | gold pieces
 54776 | Snake:3  | Found the amulet of Vitality {RegenMP++ Regen++}
 55327 | Elf:1    | Entered Level 1 of the Elven Halls
 55374 | Elf:1    | Paralysed by an air elemental for 1 turns
 55391 | Elf:1    | Paralysed by an air elemental for 1 turns
 55623 | Elf:1    | Reached XP level 21. HP: 184/184 MP: 28/28
 56422 | Elf:2    | Noticed Roxanne
 56736 | Elf:2    | Found a runed translucent gate.
 56736 | Elf:2    | Found a runed translucent gate.
 56736 | Elf:2    | Found a runed translucent gate.
 57766 | Elf:3    | Entered Level 3 of the Elven Halls
 58018 | Elf:3    | Found Qolunig's Book Boutique.
 58022 | Elf:3    | Found Asit's Jewellery Emporium.
 58024 | Elf:3    | Found Coucwu Ogiy's Book Boutique.
 58061 | Elf:3    | Identified the +9 short sword "Puacsapo" {protect, rElec
                  | Str+3 Dex-3}
 58109 | Elf:3    | Identified the +0 hand axe of Loepilips {drain, rElec}
 58934 | Elf:3    | Identified the +0 leather armour of the Ditch-Digger {rPois
                  | Dex+3}
 58934 | Elf:3    | Identified the ring of the Good {rN++ Will+ Str+2 Dex+5}
 59718 | Abyss:4  | Cast into level 4 of the Abyss (a deep elf sorcerer)
 59785 | Abyss:4  | Noticed a profane servitor
 59800 | Abyss:4  | Killed a profane servitor
 59863 | Elf:3    | Escaped the Abyss
 60023 | Elf:3    | Got the Codex of Incandescent Scree
 60025 | Elf:3    | Identified the +0 cloak of Resonance {rF+ Regen+}
 60044 | Elf:3    | Got the Precepts of Optimism
 60109 | Elf:3    | Got Eringya's Anthology of Filth and Alteration
 60124 | Elf:3    | Got the Folio of the Singularity
 60539 | Vaults:5 | Entered Level 5 of the Vaults
 60545 | Vaults:5 | Reached skill level 22 in Armour
 60546 | Vaults:5 | Reached XP level 22. HP: 157/194 MP: 29/29
 60813 | Vaults:5 | Identified the +2 trident of Dismemberment {heavy, rPois
                  | Int+2}
 60897 | Vaults:5 | Identified the +1 pair of gloves of the Lute {rElec Int+3}
 60937 | Vaults:5 | Identified the +0 hand axe of the Onslaught {elec, Fly
                  | Int+4 Dex+6}
 61006 | Vaults:5 | Got the Volume of Anathema
 61045 | Vaults:5 | Noticed an ancient lich
 61049 | Vaults:5 | HP: 1/194 [yaktaur captain/arrow (23)]
 61049 | Vaults:5 | Shot with an arrow by a yaktaur captain

Illustrated notes

Levels and vault maps discovered:
D:1:      dpeg_arrival_arbitrary_c, layout_loops_ring,
          hellmonk_ecumenical_altar_blasted, minmay_misc_feat_secret_circle,
          minmay_pentomino_t4
D:2:      layout_basic, serial_corexii_hall, chequers_hall_statues_corner_a,
          chequers_hall_statues_wall_a, corexii_hall_statues_t,
          corexii_hall_statues_s, grunt_ministairs_11, kennysheep_path_1,
          nrook_campfire, uniq_robin
D:3:      kb_forest_paths, layout_basic, grunt_ministairs_7, minmay_liquid_box
D:4:      layout_basic, nzn_overflow_gifts_of_might_and_magic,
          nicolae_elevator_lobby_asterisk
D:5:      layout_rooms, minmay_temple_entry_fiery, cheibrodos_sewer_entry_bend,
          moated_statue
D:6:      layout_basic, overflow_temple_1_default,
          chequers_temple_overflow_statue_of_worship
D:7:      layout_gridville, enter_bailey_5, gammafunk_ghost_smash
D:8:      layout_basic, zin_academy, dpeg_lair_monsters
D:9:      layout_loops_corners, mainiacjoe_overflow_paths,
          lemuel_zombie_altar_yredelemnul, uniq_harold
D:10:     layout_layer_cave, tgw_xom, overflow_temple_1_default, david_orc_5,
          uniq_nergalle
D:11:     layout_roguey [special_room_orc]
D:12:     layout_loops_ring
D:13:     layout_irregular_city, skrybe_vaults_entry_preservation,
          uniq_josephine
D:14:     layout_roguey, okawaru_trees_2
D:15:     grunt_enter_depths_magical_seal, layout_loops_corners,
          nzn_wu_jian_contemplation, gammafunk_ghost_crypt
Temple:   hellmonk_temple_flake
Lair:1:   layout_chaotic_city, lemuel_fruit_fields, grunt_megastairs_3
Lair:2:   layout_cave_shapes, nicolae_swamp_entry_spooky, dummy_snake_entry,
          basic_altar, serial_rivers, chequers_serial_rivers_micro_b,
          chequers_serial_rivers_marsh, chequers_serial_rivers_micro_e,
          chequers_serial_rivers_micro_b, lemuel_fruit_fields,
          lemuel_fruit_fields, uniq_gastronok
Lair:3:   layout_cave_pods, ebering_ghost_rock_garden,
          infiniplex_staircase_pool_2, lemuel_fruit_tree, uniq_kirke
Lair:4:   cheibrodos_magma_flow, layout_misc_corridors
Lair:5:   wormcave, layout_regular_city, guppyfry_lair_end_dragon,
          minmay_slime_entry_oklob_open, nicolae_lair_lil_pond, minivault_23,
          nicolae_lair_yak_garden, uniq_snorg, uniq_rupert
Swamp:1:  layout_basic_swamp, ebering_ghost_inner_flame,
          evilmike_swamp_ruin_house_5, swamp_pool1,
          nicolae_swamp_very_dense_foliage
Swamp:2:  layout_falls_marsh, gammafunk_ghost_arena, hangedman_swamp_ruin_wall
Swamp:3:  layout_basic_swamp, infiniplex_staircase_pool, swamp_pool1,
          st_shrine_of_shade
Swamp:4:  swamp, layout_basic_swamp, uniq_donald
Snake:1:  layout_chambers, nicolae_shop_vocational, minmay_shop_star
Snake:2:  onia_ninara_swampy_vault, layout_gridlike, beargit_elvish_explorers,
          serial_bayou_shore_a
Snake:3:  layout_grid_maze, nicolae_snake_serpentine_bazaar
Snake:4:  grunt_snake_rune_spirals, layout_onion_interference
Orc:1:    layout_diamond_mine, basic_altar, ebering_ghost_disaster_area,
          uniq_urug, uniq_erolcha
Orc:2:    st_orc_open, layout_caves
Elf:1:    nicolae_elf_arrival_fired_up, layout_gridlike,
          kennysheep_underground_church
Elf:2:    nicolae_elf_blades_splatter_lattice [grunt_blade_entry_basic],
          layout_geoelf_diagonals, serial_co_window_serial, co_window_paths_b,
          co_window_paths_a, co_window_paths_b, co_window_paths_b,
          co_window_paths_a, co_window_of_opportunity_b, co_window_corner_b,
          co_window_broadway_a, co_window_of_opportunity_c, co_window_paths_d,
          glass_columns_a, glass_columns_a, glass_columns_c, uniq_roxanne
Elf:3:    elf_hall_gauntlet_wide, layout_loops_ring,
          serial_sigils_hangedman_confine, minmay_shop_grove
Vaults:1: nicolae_vaults_shelves_hall, hangedman_vaults_slice,
          vaults_dpeg_cross, nicolae_vaults_big_ls,
          nicolae_vaults_ring_of_whatevers, hangedman_vaults_trim, v_misc_2,
          v_misc_27, layout_vaults_big_room, serial_shops,
          nicolae_shop_overgrown_old_shop
Vaults:2: minmay_crypt_entry_simple_plaza, hangedman_vaults_variations,
          vaults_room_pools, vaults_room_fours, grunt_vaults_hallway_short,
          v_rooms_5, v_misc_2, ontoclasm_vaults_claustrophobia, v_rooms_1,
          nicolae_vaults_border_crossing, nicolae_vaults_bisected_slash,
          ontoclasm_vaults_tryst, ontoclasm_vaults_decontamination,
          layout_vaults_maze
Vaults:3: ebering_ghost_reflecting_pool, ontoclasm_vaults_chip,
          vaults_room_corners, grunt_vaults_twisty,
          nicolae_vaults_stairing_the_circle, nicolae_vaults_little_ls,
          v_misc_19, v_misc_10, hangedman_vaults_pinch, vaults_mumra_chevron,
          nicolae_vaults_little_squares_2, v_misc_22, grunt_vaults_diagonal,
          nicolae_vaults_little_squares_4, vaults_room_large_hall,
          layout_vaults_big_cross, serial_shops, shop_fountains
Vaults:4: vaults_room_fancy_cross, vaults_mumra_hexcomb,
          nicolae_vaults_three_branches, vaults_room_pools,
          nicolae_vaults_little_squares_2, vaults_dpeg_hooks,
          vaults_room_semicircle, vaults_room_stairs_pillars,
          layout_vaults_omnigrid, serial_shops, nicolae_diamond_shop
Vaults:5

Skill      XL: |  1  2  3  4  5  6  7  8  9 10 11 12 13 14 15 16 17 18 19 20 21 22 |
---------------+-------------------------------------------------------------------+-----
Armour         | 4 5 6 7 9 10 11 13 14 16 17 18 19 20 21 22 | 22.4
Fighting       | 3 4 5 6 7 8 10 11 12 13 14 15 16 17 | 17.8
Axes           | 2 3 4 5 6 12 13 14 15 16 17 18 | 18.9
Shields        | 4 5 6 7 8 9 10 12 13 14 16 17 18 19 20 | 20.8
Invocations    | 5 9 12 13 14 | 14.1
Throwing       | 4 6 8 9 |  9.2

Action                     |  1- 3 |  4- 6 |  7- 9 | 10-12 | 13-15 | 16-18 | 19-21 | 22-24 || total
---------------------------+-------+-------+-------+-------+-------+-------+-------+-------++-------
  Melee: War axe           |   104 |    97 |   173 |    89 |   588 |   768 |   706 |    72 ||  2597
         Tailslap          |    11 |     7 |    22 |    13 |    86 |   130 |   125 |    17 ||   411
         Unarmed           |       |       |       |       |     5 |       |       |       ||     5
  Throw: Throwing net      |       |       |       |       |     1 |       |     1 |       ||     2
         Javelin           |       |       |       |       |       |       |    42 |       ||    42
 Invoke: Recall Ancestor   |       |       |     2 |       |     1 |     2 |     3 |       ||     8
         Ancestor Life: Ba |       |       |     1 |       |       |       |       |       ||     1
         Ancestor Identity |       |       |       |       |     1 |       |       |       ||     1
  Evoke: Wand              |       |       |       |       |     6 |    15 |     3 |       ||    24
         Condenser vane    |       |       |       |       |       |     4 |     7 |     1 ||    12
         Lightning rod     |       |       |       |       |       |       |     8 |     4 ||    12
         Phantom mirror    |       |       |       |       |       |       |       |     2 ||     2
         Box of beasts     |       |       |       |       |       |       |       |     1 ||     1
    Use: Scroll            |     1 |       |    16 |     3 |    22 |    13 |     7 |     4 ||    66
         Potion            |       |       |     7 |     1 |    11 |    22 |    10 |     7 ||    58
   Stab: Invisible         |       |       |     1 |     1 |     8 |       |       |       ||    10
         Distracted        |       |       |       |     2 |     9 |    17 |    13 |     1 ||    42
         Confused          |       |       |       |       |       |       |     3 |     6 ||     9
 Armour: Scale mail        |    52 |    10 |       |       |       |       |       |       ||    62
         Chain mail        |       |    43 |     9 |       |       |       |       |       ||    52
         Plate armour      |       |       |   124 |    39 |   496 |   722 |       |       ||  1381
         Crystal plate arm |       |       |       |       |       |    77 |   465 |   149 ||   691
  Dodge: Dodged            |    34 |    34 |    64 |    11 |   156 |   192 |    69 |    21 ||   581
  Block: Buckler           |    24 |    36 |   114 |    49 |   419 |   355 |       |       ||   997
         Reflection        |       |       |     2 |     2 |    15 |    91 |   115 |    10 ||   235
         Kite shield       |       |       |       |       |       |   268 |       |       ||   268
         Tower shield      |       |       |       |       |       |   115 |   781 |   146 ||  1042

Table legend: (Time is in decaauts)
 A = Elapsed time spent in this place.
 B = Non-inter-level travel time spent in this place.
 C = Inter-level travel time spent in this place.
 D = Time resting spent in this place.
 E = Time spent auto-exploring this place.
 F = Levels seen in this place.
 G = Mean time per level.
                   A        B        C        D        E       F      G
               +--------+--------+--------+--------+--------+-----+--------+
         Total |  61848 |  56909 |   4939 |  20210 |  27217 |  45 | 1374.4 |
       Dungeon |  16606 |  14692 |   1914 |   2733 |   9942 |  15 | 1107.1 |
        Temple |    160 |    141 |     19 |      0 |    127 |   1 |  160.0 |
          Lair |   8855 |   8045 |    810 |   2595 |   4386 |   5 | 1771.0 |
         Swamp |   6879 |   6575 |    304 |   3580 |   2021 |   4 | 1719.8 |
     Snake Pit |   9916 |   9136 |    780 |   4182 |   3056 |   4 | 2479.0 |
  Orcish Mines |   3314 |   3095 |    219 |   1521 |   1154 |   2 | 1657.0 |
   Elven Halls |   4865 |   4582 |    283 |   1043 |   2432 |   3 | 1621.7 |
        Vaults |   9488 |   8880 |    608 |   3719 |   3872 |   5 | 1897.6 |
         Abyss |    625 |    625 |      0 |    170 |     61 |   4 |  156.2 |
         Sewer |    210 |    210 |      0 |      0 |     91 |   1 |  210.0 |
        Bailey |    924 |    924 |      0 |    665 |     75 |   1 |  924.0 |
               +--------+--------+--------+--------+--------+-----+--------+

Top non-repeatable levels by time:
  Lair:5: 3407 daAuts
 Snake:4: 3393 daAuts
Vaults:2: 3033 daAuts
 Snake:2: 2716 daAuts
 Swamp:3: 2515 daAuts
   Orc:1: 2394 daAuts
   Elf:3: 2344 daAuts
Vaults:4: 2291 daAuts
Vaults:1: 2071 daAuts
 Swamp:4: 2057 daAuts
 Snake:1: 1994 daAuts
    D:10: 1844 daAuts
 Snake:3: 1812 daAuts
    D:15: 1811 daAuts
    D:13: 1726 daAuts
